 Dungeon Crawl Stone Soup version 0.21.1-1-g345015fe64 (webtiles) character file.

58 Peloso the Covered (level 3, -3/33 HPs)
             Began as a Minotaur Fighter on June 8, 2018.
             Slain by a gnoll
             ... wielding a +0 halberd
              (9 damage)
             ... on level 2 of the Dungeon.
             The game lasted 00:03:20 (1058 turns).

Peloso the Covered (Minotaur Fighter)               Turns: 1058, Time: 00:03:21

Health: -3/33      AC: 11    Str: 20    XL:     3   Next: 76%
Magic:  2/2        EV:  4    Int:  5    God:
Gold:   86         SH:  9    Dex: 10    Spells: 2/2 levels left

rFire    . . .     SeeInvis .   a - +0 long sword
rCold    . . .     Gourm    .   c - +0 shield
rNeg     . . .     Faith    .   b - +0 plate armour
rPois    .         Spirit   .   (helmet restricted)
rElec    .         Reflect  .   (no cloak)
rCorr    .         Harm     .   (no gloves)
MR       .....                  (no boots)
Stlth    ..........             (no amulet)
HPRegen  0.11/turn              (no ring)
MPRegen  0.08/turn              (no ring)

@: no status effects
A: retaliatory headbutt, horns 2
a: no special abilities


You were on level 2 of the Dungeon.
You were hungry.

You visited 1 branch of the dungeon, and saw 2 of its levels.

You collected 86 gold pieces.

Inventory:

Hand Weapons
 a - a +0 long sword (weapon)
Missiles
 h - 22 bolts
Armour
 b - a +0 plate armour (worn)
 c - a +0 shield (worn)
Scrolls
 e - 2 scrolls of enchant weapon {unknown}
 g - 2 scrolls of identify {unknown}
 j - 3 scrolls of remove curse {unknown}
 l - 3 scrolls of teleportation {unknown}
 m - a scroll of amnesia {unknown}
 n - a scroll of magic mapping {unknown}
Potions
 d - a potion of might
 i - a potion of degeneration {unknown}
 k - 2 potions of heal wounds {unknown}
 o - a potion of curing {unknown}
 p - a potion of lignification {unknown}
Comestibles
 f - 5 rations


   Skills:
 + Level 3.9 Fighting
 + Level 3.4 Long Blades
 + Level 4.1 Armour
 + Level 0.5 Dodging
 + Level 0.7 Stealth
 + Level 4.1 Shields


You had 2 spell levels left.
You didn't know any spells.

Dungeon Overview and Level Annotations

Branches:
Dungeon (2/15)

Altars:


Innate Abilities, Weirdness & Mutations

You reflexively headbutt those who attack you in melee.
You have a pair of horns on your head.


Message History

The gnoll hits you with a halberd.
You closely miss the gnoll.
The gnoll is lightly wounded.
The gnoll hits you with a halberd.
You hit the gnoll. Your headbutt misses the gnoll.
The gnoll is moderately wounded.
You block the gnoll's attack.
You hit the gnoll.
The gnoll is severely wounded.
The gnoll hits you with a halberd!
* * * LOW HITPOINT WARNING * * *
You hit the gnoll but do no damage.
You kill the gnoll!
You hit the gnoll.
You kill the gnoll!
The gnoll barely misses you.
A gnoll comes into view. It is wielding a spear.
There is a stone staircase leading up here.
The gnoll hits you from afar with a halberd!
You die...

#######.##.##.####......
...........##.#.....####
######.##.##.#.....####
###.##.##.#.........
#.#.........###.##..
#.#.##)##.#.###.##.# ### ###
#.#.##.##...........
..##.######...................
............@................
...#.####g###..##.#.######.#
..............##.#.# #.#
#.#.####.####.####.# #.#
.######.#.####g####.####.######.#
...........g†....................
#######.#.##############.######.#
#.#.# #.# #.. #.#$# #.# ###


You could see a gnoll.

Vanquished Creatures
  2 gnolls (D:2)
  A dart slug (D:1)
  2 leopard geckos (D:1)
  A ball python (D:1)
  8 bats
  A giant cockroach (D:1)
  4 goblins (D:1)
  3 hobgoblins (D:1)
  3 jackals (D:1)
  A quokka (D:2)
  2 frilled lizards (D:1)
  5 kobolds
  4 rats
37 creatures vanquished.

Notes
Turn   | Place    | Note
-------+----------+-------------------------------------------
     0 | D:1      | Peloso the Minotaur Fighter began the quest for the Orb.
     0 | D:1      | Reached XP level 1. HP: 19/19 MP: 0/0
   226 | D:1      | Reached XP level 2. HP: 27/27 MP: 1/1
   431 | D:1      | Reached XP level 3. HP: 19/33 MP: 2/2
  1058 | D:2      | Slain by a gnoll

Skill      XL: |  1  2  3 |
---------------+----------+-----
Armour         | 4 |  4.1
Long Blades    | 3 |  3.4
Shields        | 4 |  4.1
Fighting       | |  3.9
Dodging        | |  0.5
Stealth        | |  0.7

Action                   || total
-------------------------++-------
Melee: Long sword        ||    96
       Headbutt          ||    16
Armor: Scale mail        ||    14
       Plate armour      ||    63
Dodge: Dodged            ||    29
Block: Shield            ||    61
       Rpst.: Long sword ||     6
